 Dungeon Sprint DCSS version 0.30-a0-989-g0d87f670db (webtiles) character file.

Game seed: 13026750424800237806

36626 fozzywoppz the End of an Era (level 13, -11/124 HPs)
             Began as a Demonspawn Monk on Apr 4, 2023.
             Was the Champion of Qazlal.
             Killed from afar by a deep elf annihilator (48 damage)
             ... with a crystal spear
             ... in the Dungeon (Sprint VII: "The Pits").
             The game lasted 00:17:14 (3302 turns).

fozzywoppz the End of an Era (Demonspawn Monk)      Turns: 3302, Time: 00:17:14

Health: -11/124    AC: 28    Str: 16    XL:     13   Next: 54%
Magic:  18/26      EV: 17    Int: 13    God:    Qazlal [******]
Gold:   51         SH: 17    Dex: 15    Spells: 12/12 levels left

rFire   . . .      SeeInvis .      - Unarmed
rCold   . . .      Faith    .    t - +0 kite shield
rNeg    . . .      Spirit   .    C - +0 plate armour {rPois}
rPois   +          Reflect  .    n - +1 helmet
rElec   .          Rampage  .    w - +1 cloak {rCorr}
rCorr   +          NoTele   +    (gloves unavailable)
Will    .....                    B - +2 pair of boots Stlth
                                 (no amulet)
HPRegen 0.40/turn                o - +3 ring of evasion
MPRegen 0.20/turn                l - +5 ring of evasion

@: mighty, sanguine armoured, hasted, glowing, repel missiles, very quick
A: demonic guardian 1, powered by pain 2, sanguine armour 1, demonic touch 3
a: Renounce Religion, Upheaval, Elemental Force, Disaster Area


You were in the Dungeon.
You worshipped Qazlal.
Qazlal was exalted by your worship.
You visited 1 branch You collected 51 gold pieces.

Inventory:

Missiles
 m - a throwing net (quivered)
 p - a silver javelin
Armour
 n - a +1 helmet (worn)
 s - a +4 chain mail
 t - a +0 kite shield (worn)
 w - a +1 cloak of preservation (worn)
 B - a +2 pair of boots (worn)
 C - a +0 plate armour of poison resistance (worn)
Jewellery
 l - a +5 ring of evasion (right hand)
 o - a +3 ring of evasion (left hand)
Wands
 a - a wand of digging (6)
Scrolls
 h - 2 scrolls of blinking
 j - 5 scrolls of amnesia
 k - a scroll of butterflies
 u - a scroll of fear
 v - a scroll of identify
 y - 4 scrolls of enchant weapon
 z - 2 scrolls of fog
Potions
 b - a potion of ambrosia
 c - 7 potions of curing
 d - 9 potions of heal wounds
 e - 2 potions of haste
 f - 3 potions of magic
 g - 3 potions of berserk rage
 i - 2 potions of invisibility
 q - a potion of resistance
 r - 3 potions of mutation
 A - a potion of might


   Skills:
 + Level 18.6 Fighting
 - Level 10.0 Armour
 + Level 17.4 Dodging
 - Level 3.0 Stealth
 + Level 3.9 Shields
 + Level 18.0 Unarmed Combat
 + Level 18.8 Invocations


You had 12 spell levels left.
You didn't know any spells.
Your spell library was empty.

Dungeon Overview and Level Annotations

Branches:
Dungeon (1/1)

Altars:
Ashenzari
Cheibriados
Dithmenos
Fedhas
Gozag
Hepliaklqana
Kikubaaqudgha
Makhleb
Nemelex Xobeh
Okawaru
Qazlal
Ru
Sif Muna
Trog
Uskayaw
Vehumet
Wu Jian
Xom
Yredelemnul
Jiyva
Lugonu


Innate Abilities, Weirdness & Mutations

A weak demonic guardian rushes to your aid.
You sometimes gain power by taking damage.
When seriously injured, your blood forms armour. (AC +6)
Your touch may irresistibly damage your foes and sap their willpower.


Message History

The daeva barely misses you. You block the daeva's attack.
The merfolk javelineer hits you from afar with a +0 spear.
The daeva blocks your attack.
The daeva is lightly wounded.
The death knight shouts!
You hit the daeva but do no damage.
The daeva is lightly wounded.
The death knight's dark mirror aura disappears.
You block the death knight's attack.
The daeva calls down the wrath of the Shining One upon you.
The Shining One smites you!
You focus on the pain.
You feel mightier all of a sudden.
The merfolk javelineer hits you but does no damage.
Activating: Disaster Area (0% risk of failure)
Press: ? - help, Dir - look around, f - activate Nature churns violently around you!
The cutting wind hits the deep elf annihilator!!
The deep elf annihilator is moderately wounded.
The blast of rubble hits the deep elf annihilator!!
The deep elf annihilator is heavily wounded.
The blast of magma engulfs the deep elf annihilator!!
The deep elf annihilator is almost dead.
You block the death knight's attack.
The daeva calls down the wrath of the Shining One upon you.
The Shining One smites you!
* * * LOW HITPOINT WARNING * * *
The deep elf annihilator points at you and mumbles some strange words.
The iron shot is repelled.
The iron shot hits the death knight!!
The death knight dies!
The merfolk javelineer throws a silver javelin.
The silver javelin pierces through you!
* * * LOW HITPOINT WARNING * * *
The silver sears you!
* * * LOW HITPOINT WARNING * * *
The silver javelin closely misses the deep elf annihilator.
Your Unarmed Combat skill increases to level 18!
You feel much better.
The deep elf annihilator gestures at you while chanting.
The crystal spear hits you!!!
You die...

+..........#
#...§......#
#..#...§#..#
+..≈≈§.§§..#
+..........#
#..#.§e.#..#
#.§§..§....+
#§§§§§§....+
###§@####++#
###Ah####++##########
#.hmhh§##..)........)
#.#§##§##......).....
#.#mA .##..##########
# +hh# ##..#))#))#)))
#h.+ #..#))#))##''
++########## +).#
#..#.....#...
.......##..# ##+#
#..#..####...


You could see a daeva, a merfolk javelineer, a deep elf annihilator and 4
wolves.

Vanquished Creatures
  A death cob (D)
  A deep elf blademaster (D)
  A sphinx (D)
  A shadow dragon (D)
  2 orc warlords (D)
  An eidolon (D)
  2 yaktaur captains (D)
  2 merfolk javelineers (D)
  A hydra (D)
  4 vault guards (D)
  Harold (D)
  A merfolk aquamancer (D)
  2 boulder beetles (D)
  A two-headed ogre (D)
  A naga warrior (D)
  2 deep elf knights (D)
  A fire crab (D)
  2 sea snakes (D)
  8 orc knights (D)
  A cyclops (D)
  A manticore (D)
  An eye of devastation (D)
  A merfolk siren (D)
  A molten gargoyle (D)
  3 kobold demonologists (D)
  An unseen horror (D)
  An unseen horror (shapeshifter) (D)
  5 yaktaurs (D)
  An ice devil (D)
  A wandering mushroom (D)
  9 merfolk (D)
  A hornet (D)
  2 snapping turtles (D)
  13 dream sheep (D)
  A tyrant leech (D)
  3 blink frogs (D)
  A shadow (D)
  A jumping spider (D)
  2 wraiths (D)
  A flying skull (D)
  A spriggan (D)
  2 basilisks (D)
  A water elemental (D)
  A fire bat (D)
  A steam dragon (D)
  A redback (D)
  A warg (D)
  A floating eye (D)
  2 orc warriors (D)
  A black bear (D)
  2 centaurs (D)
  3 kobold brigands (D)
  A gnoll sergeant (D)
  2 scorpions (D)
  A bullfrog (D)
  11 killer bees (D)
  A quasit (D)
  Crazy Yiuf (D)
  An orc priest (D)
  2 jellies (D)
  A gnoll bouda (D)
  Ijyb (D)
  An orc wizard (D)
  9 gnolls (D)
  A river rat (D)
  An adder (D)
  An adder zombie (D)
  3 orcs (D)
  3 bats (D)
  2 endoplasms (D)
  A hobgoblin (D)
  8 jackals (D)
  2 ball pythons (D)
  A giant cockroach zombie (D)
  8 kobolds (D)
  2 rats (D)
168 creatures vanquished.

Vanquished Creatures (collateral kills)
  An orc knight (D)
  A guardian serpent (D)
2 creatures vanquished.

Vanquished Creatures (others)
  A death knight (D)
1 creature vanquished.

Grand Total: 171 creatures vanquished

Notes
Turn   | Place    | Note
-------+----------+-------------------------------------------
     0 | D        | fozzywoppz the Demonspawn Monk began the quest for the Orb.
     0 | D        | Reached XP level 1. HP: 18/18 MP: 1/1
    40 | D        | Found a basalt altar of Yredelemnul.
    40 | D        | Found a shimmering altar of Xom.
    40 | D        | Found an ornate altar of the Wu Jian Council.
    40 | D        | Found a bloodstained altar of Trog.
    40 | D        | Found a shimmering blue altar of Sif Muna.
    40 | D        | Found a sacrificial altar of Ru.
    40 | D        | Found a stormy altar of Qazlal.
    40 | D        | Found an iron altar of Okawaru.
    40 | D        | Found a sparkling altar of Nemelex Xobeh.
    40 | D        | Found a burning altar of Makhleb.
    40 | D        | Found a viscous altar of Jiyva.
    40 | D        | Found a hazy altar of Hepliaklqana.
    40 | D        | Found an opulent altar of Gozag.
    40 | D        | Found a blossoming altar of Fedhas.
    40 | D        | Found a shadowy altar of Dithmenos.
    40 | D        | Found a snail-covered altar of Cheibriados.
    41 | D        | Found a radiant altar of Vehumet.
    41 | D        | Found a corrupted altar of Lugonu.
    42 | D        | Found a hide-covered altar of Uskayaw.
    42 | D        | Found an ancient bone altar of Kikubaaqudgha.
    42 | D        | Found a broken altar of Ashenzari.
    47 | D        | Became a worshipper of Qazlal Stormbringer
    47 | D        | Reached * piety under Qazlal
    47 | D        | Reached ** piety under Qazlal
    68 | D        | Noticed a scorpion
    77 | D        | Killed a scorpion
    78 | D        | Reached skill level 5 in Fighting
    78 | D        | Gained mutation: Your touch may inflict minor irresistible
                  | damage on your foes. [demonic ancestry]
    78 | D        | Reached XP level 2. HP: 21/27 MP: 2/2
    78 | D        | Gained mutation: Your touch may inflict irresistible damage
                  | on your foes. [demonic ancestry]
    78 | D        | Reached XP level 3. HP: 25/33 MP: 3/3
   159 | D        | Gained mutation: You sometimes gain a little power by
                  | taking damage. [demonic ancestry]
   159 | D        | Reached XP level 4. HP: 39/39 MP: 4/4
   159 | D        | Reached *** piety under Qazlal
   161 | D        | Noticed a scorpion
   163 | D        | Noticed a flying skull
   164 | D        | Killed a scorpion
   165 | D        | Reached skill level 5 in Dodging
   165 | D        | Reached skill level 5 in Unarmed Combat
   171 | D        | Killed a flying skull
   172 | D        | Gained mutation: You sometimes gain power by taking damage.
                  | [demonic ancestry]
   172 | D        | Reached XP level 5. HP: 36/49 MP: 5/5
   172 | D        | Reached XP level 6. HP: 41/56 MP: 6/6
   174 | D        | Reached **** piety under Qazlal
   270 | D        | Noticed a fire bat
   272 | D        | Noticed a floating eye
   277 | D        | Killed a fire bat
   278 | D        | Paralysed by a floating eye for 4 turns
   295 | D        | Killed a floating eye
   295 | D        | Reached ***** piety under Qazlal
   296 | D        | Gained mutation: A weak demonic guardian rushes to your
                  | aid. [demonic ancestry]
   296 | D        | Reached XP level 7. HP: 64/64 MP: 7/7
   339 | D        | Noticed Ijyb
   344 | D        | Killed Ijyb
   349 | D        | Noticed Harold
   366 | D        | Killed Harold
   367 | D        | Reached skill level 10 in Dodging
   367 | D        | Reached skill level 10 in Unarmed Combat
   367 | D        | Reached XP level 8. HP: 45/75 MP: 8/8
   431 | D        | Noticed Crazy Yiuf
   439 | D        | Killed Crazy Yiuf
   439 | D        | Reached ****** piety under Qazlal
   604 | D        | Noticed a sea snake
   627 | D        | Killed a sea snake
   639 | D        | Reached XP level 9. HP: 34/82 MP: 9/9
   972 | D        | Noticed a merfolk siren
   978 | D        | Reached skill level 1 in Armour
   978 | D        | Gained mutation: When seriously injured, your blood forms
                  | armour. (AC +6) [demonic ancestry]
   978 | D        | Reached XP level 10. HP: 73/93 MP: 9/11
   981 | D        | Killed a merfolk siren
  1035 | D        | Noticed an orc knight
  1063 | D        | Reached skill level 5 in Invocations
  1071 | D        | Killed an orc knight
  1121 | D        | Noticed a manticore
  1134 | D        | Killed a manticore
  1158 | D        | Noticed a boulder beetle
  1175 | D        | Killed a boulder beetle
  1176 | D        | Reached skill level 5 in Armour
  1196 | D        | Noticed an eidolon
  1210 | D        | Noticed a guardian serpent
  1218 | D        | Reached skill level 15 in Fighting
  1218 | D        | Reached XP level 11. HP: 67/102 MP: 8/17
  1231 | D        | Killed an eidolon
  1325 | D        | Noticed a six-headed hydra
  1325 | D        | Noticed a sea snake
  1332 | D        | Reached skill level 10 in Invocations
  1355 | D        | Killed a sea snake
  1359 | D        | Noticed a two-headed ogre
  1369 | D        | Killed a two-headed ogre
  1371 | D        | Killed a six-headed hydra
  1578 | D        | Reached skill level 15 in Dodging
  1588 | D        | Reached skill level 15 in Unarmed Combat
  1590 | D        | Noticed a merfolk aquamancer
  1598 | D        | Killed a merfolk aquamancer
  1613 | D        | Reached XP level 12. HP: 73/110 MP: 19/21
  1794 | D        | Noticed a boulder beetle
  1816 | D        | Killed a boulder beetle
  1817 | D        | Reached skill level 10 in Armour
  1890 | D        | Noticed a merfolk javelineer
  1890 | D        | Noticed a death cob
  1891 | D        | Noticed an orc warlord
  1892 | D        | Noticed an orc warlord
  1897 | D        | Killed a merfolk javelineer
  1897 | D        | Noticed a yaktaur captain
  1898 | D        | Killed a death cob
  1898 | D        | Noticed a naga warrior
  1899 | D        | Reached skill level 15 in Invocations
  1900 | D        | Noticed a shadow dragon
  1901 | D        | Noticed a deep elf blademaster
  1906 | D        | Killed a yaktaur captain
  1906 | D        | Killed an orc warlord
  1908 | D        | Killed a deep elf blademaster
  1908 | D        | Noticed a merfolk javelineer
  1969 | D        | Killed an orc warlord
  1970 | D        | Gained mutation: Your touch may irresistibly damage your
                  | foes and sap their willpower. [demonic ancestry]
  1970 | D        | Reached XP level 13. HP: 26/121 MP: 22/25
  2216 | D        | Killed a merfolk javelineer
  2264 | D        | Noticed a sphinx
  2276 | D        | Killed a sphinx
  2287 | D        | Killed a shadow dragon
  2544 | D        | Reached skill level 1 in Shields
  3289 | D        | Identified the amulet "Guylou" {rC+ Regen+ SInv}
  3289 | D        | Noticed a deep elf annihilator
  3289 | D        | Noticed a daeva
  3289 | D        | Noticed a merfolk javelineer
  3302 | D        | Killed from afar by a deep elf annihilator

Illustrated notes

Levels and vault maps discovered:
D:        pitsprint [storerooms_1, entrance_room_1, metal_vault_4, armoury_1,
          mini_pit_1, grid_room_1, main_hall_1, silver_pit, the_coven_1,
          the_vestibule_1, steel_vault_4, golden_pit, hallway_of_sentries,
          crystal_vault_1, iron_vault_2, final_vault]

Skill      XL: |  1  2  3  4  5  6  7  8  9 10 11 12 13 |
---------------+----------------------------------------+-----
Stealth        | 3 |  3.0
Fighting       | 5 7 9 11 12 13 15 17 18 | 18.6
Dodging        | 4 7 8 10 11 12 13 15 16 17 | 17.4
Unarmed Combat | 4 7 8 10 11 12 13 15 17 18 | 18.0
Armour         | 1 5 9 10 | 10.0
Invocations    | 2 8 13 17 18 | 18.8
Shields        | 3 |  3.9

Action                     |  1- 3 |  4- 6 |  7- 9 | 10-12 | 13-15 || total
---------------------------+-------+-------+-------+-------+-------++-------
  Melee: Unarmed           |    26 |    28 |    68 |   220 |   118 ||   460
         Touch             |     1 |     3 |    11 |    46 |    12 ||    73
         Punch             |       |     1 |     1 |    16 |     7 ||    25
 Invoke: Upheaval          |       |       |     3 |    11 |     2 ||    16
         Disaster Area     |       |       |       |     5 |     1 ||     6
    Use: Potion            |     2 |     1 |     3 |     1 |     7 ||    14
         Scroll            |       |       |       |     1 |     2 ||     3
 Armour: Robe              |     3 |     1 |       |       |       ||     4
         Plate armour      |       |    15 |    22 |       |     1 ||    38
         Chain mail        |       |       |     6 |    70 |    28 ||   104
  Dodge: Dodged            |    16 |     7 |    19 |   192 |    51 ||   285
         Repelled          |       |       |       |     1 |     5 ||     6
  Block: Other             |     1 |     3 |    12 |   107 |    14 ||   137
         Kite shield       |       |       |       |       |    48 ||    48

Table legend: (Time is in decaauts)
 A = Elapsed time spent in this place.
 B = Non-inter-level travel time spent in this place.
 C = Inter-level travel time spent in this place.
 D = Time resting spent in this place.
 E = Time spent auto-exploring this place.
 F = Levels seen in this place.
 G = Mean time per level.
                   A        B        C        D        E       F      G
               +--------+--------+--------+--------+--------+-----+--------+
         Total |   3227 |   3227 |      0 |   1525 |     40 |   1 | 3227.0 |
       Dungeon |   3227 |   3227 |      0 |   1525 |     40 |   1 | 3227.0 |
               +--------+--------+--------+--------+--------+-----+--------+

Top non-repeatable levels by time:
       D: 3227 daAuts
